 Dungeon Crawl Stone Soup version bcrawl-1.27.8b (webtiles) character file.

Game seed: 8068313657063809544

304553 LostNumber the Cleaver (level 10, 0/86 HPs)
             Began as a Minotaur Archaeologist on Oct 31, 2020.
             Was a Priest of Okawaru.
             Slain by a crocodile (3 damage)
             ... on level 1 of the Lair of Beasts.
             The game lasted 00:11:32 (8258 turns).

LostNumber the Cleaver (Minotaur Archaeologist)     Turns: 8258, Time: 00:11:33

Health: 0/86       AC: 13    Str: 18    XL:     10   Next: 28%
Magic:  9/10       EV:  9    Int: 11    God:    Okawaru [***...]
Gold:   736        SH:  8    Dex: 10    Spells: 9/9 levels left

rFire    . . .     SeeInvis .   y - +1 war axe (chop)
rCold    . . .     Gourm    .   f - +2 buckler {rPois}
rNeg     . . .     Faith    .   u - +0 chain mail
rPois    +         Spirit   .   c - +1 hat
rElec    .         Reflect  .   (no cloak)
rCorr    .         Harm     .   (no gloves)
MR       .....                  z - +1 pair of boots
Stlth    ..........             (no amulet)
HPRegen  0.24/turn              (no ring)
MPRegen  0.12/turn              (no ring)

@: no status effects
A: retaliatory headbutt, horns 2
a: Heroism, Renounce Religion


You were on level 1 of the Lair of Beasts.
You worshipped Okawaru.
Okawaru was most pleased with you.
You were hungry.

You visited 3 branches of the dungeon, and saw 11 of its levels.

You collected 736 gold pieces.

Inventory:

Hand Weapons
 a - a +1 whip
 y - a +1 war axe of chopping (weapon)
   (You found it on level 4 of the Dungeon)
Armour
 b - a +1 robe
 c - a +1 hat (worn)
 f - a +2 buckler of poison resistance (worn)
   (You acquired it on level 5 of the Dungeon)
 u - a +0 chain mail (worn)
   (You found it on level 2 of the Dungeon)
 v - a cursed -1 scale mail
   (You found it on level 2 of the Dungeon)
 w - a +0 medium shield
   (You found it on level 2 of the Dungeon)
 z - a +1 pair of boots (worn)
Jewellery
 m - an uncursed ring of protection from cold {unknown}
   (You found it on level 1 of the Dungeon)
 x - the ring of Nuqehoh {*Contam +Fly Dex+6}
   (You found it on level 3 of the Dungeon)

   [ring of flight]

   It affects your dexterity (+6).
   It lets you fly.
   It causes magical contamination when unequipped.
 D - the amulet "Cywa Raynoa" {Inacc +Fly rF- rN++ Str-2}
   (You found it on level 4 of the Dungeon)

   [amulet of inaccuracy]

   It reduces the accuracy of all your attacks.
   It affects your strength (-2).
   It makes you vulnerable to fire.
   It greatly protects you from negative energy.
   It lets you fly.
 F - a +8 ring of strength {unknown}
   (You found it on level 5 of the Dungeon)
 G - an uncursed ring of stealth {unknown}
   (You found it on level 5 of the Dungeon)
 H - a +5 ring of dexterity {unknown}
   (You found it on level 6 of the Dungeon)
 O - an uncursed ring of magical power {unknown}
   (You found it on level 8 of the Dungeon)
 Q - an uncursed amulet of faith {unknown}
   (You found it on level 1 of the Lair of Beasts)
Wands
 d - a wand of iceblast (14)
   (You found it on level 4 of the Dungeon)
 t - a wand of flame (8)
   (You found it on level 6 of the Dungeon)
 L - a wand of random effects (11)
   (You found it on level 7 of the Dungeon)
Scrolls
 g - 2 scrolls of magic mapping
 i - 3 scrolls of immolation {!r}
 j - 5 scrolls of enchant weapon
 q - 3 scrolls of teleportation {@r4}
 s - a scroll of amnesia
 B - 4 scrolls of remove curse {@r2}
 C - 2 scrolls of blinking
 E - a scroll of enchant armour
 K - a scroll of fear {unknown}
 M - a scroll of noise {unknown}
 P - 2 scrolls of fog
Potions
 h - 3 potions of flight
 k - 2 potions of curing {unknown}
 l - 2 potions of degeneration {unknown}
 n - 2 potions of lignification {unknown}
 o - 3 potions of might
 p - a potion of magic {unknown}
 r - 2 potions of mutation {!q}
 A - 2 potions of agility
 I - a potion of berserk rage {unknown}
 N - 3 potions of brilliance {unknown}
Miscellaneous
 J - a fan of gales (2/2)
   (You found it on level 9 of the Dungeon)
Comestibles
 e - 9 rations {!d!d}


   Skills:
 + Level 7.6 Fighting
 * Level 10.8(10.9) Axes
 - Level 1.9(7.2) Maces & Flails
 + Level 7.0 Armour
 + Level 6.5 Dodging
 - Level 2.6 Stealth
 + Level 6.8 Shields
 + Level 1.2 Invocations
 * Level 1.8 Evocations


You had 9 spell levels left.
You didn't know any spells.
Your spell library was empty.

Dungeon Overview and Level Annotations

Branches:
Dungeon (9/12)             Temple (1/1) D:4            Lair (1/6) D:8
    Orc: D:8-11

Altars:
Ashenzari
Cheibriados
Dithmenos
Fedhas
Gozag
Hepliaklqana
Kikubaaqudgha
Lugonu
Makhleb
Nemelex Xobeh
Okawaru
Qazlal
Ru
Sif Muna
Trog
Uskayaw
Vehumet
Wu Jian
Xom
Yredelemnul
Zin
The Shining One

Annotations:
D:3 exclusion: oklob plant


Innate Abilities, Weirdness & Mutations

You reflexively headbutt those who attack you in melee.
You have a pair of horns on your head.


Message History

You block the hippogriff's attack.
You closely miss the hippogriff.
The crocodile puts on a burst of speed!
The blink frog blinks!
The hippogriff flaps its wings!
You are blown backwards!
The blink frogs are blown away by the wind.
You hit the hippogriff.
Ssssck.
You headbutt the hippogriff!
The hippogriff bites you but does no damage.
You block the hippogriff's attack. The hippogriff closely misses you.
You hit the hippogriff. You slash the blink frog!
The blink frog blinks!
The hippogriff bites you.
The hippogriff pecks you but does no damage.
You block the hippogriff's attack.
You miss the blink frog. You headbutt the blink frog.
You kill the blink frog!
Okawaru accepts your kill.
Your Invocations skill increases to level 1!
You miss the blink frog. You slash the hippogriff!
Ssssck.
You kill the hippogriff!
Okawaru accepts your kill. The blink frog hits you!
You closely miss the blink frog.
Your chain mail prevents you from hitting the crocodile.
The blink frog hits you! You block the crocodile's attack.
The blink frog hits you but does no damage.
You miss the blink frog. You slash the blink frog!
Ssssck.
You hit the crocodile.
The blink frog blinks!
The blink frog hits you!
The blink frog blinks!
The crocodile bites you!
* * * LOW HITPOINT WARNING * * *
You are too injured to fight recklessly!
Okay, then.
Your shield and chain mail prevent you from hitting the crocodile.
You hit the blink frog.
You kill the blink frog!
Okawaru accepts your kill.
Your Armour skill increases to level 7!
The blink frog blinks!
The crocodile closely misses you. You furiously retaliate!
You headbutt the crocodile. You hit the crocodile.
Snnnck.
The crocodile bites you!
* * * LOW HITPOINT WARNING * * *
The blink frog hits you!
* * * LOW HITPOINT WARNING * * *
You miss the blink frog. Your headbutt misses the blink frog.
You slash the crocodile! The blink frog hits you!
* * * LOW HITPOINT WARNING * * *
The blink frog blinks!
The crocodile bites you but does no damage.
You hit the crocodile.
Ssssck.
Your headbutt misses the crocodile.
The blink frog blinks!
The crocodile bites you.
You die...

.....# .......# .....# ..
.#..... #.....# ... .....#
#.....# ....#....##
#.....# .....#.....# +###+
......#...........P##.....
......#......+...........$
.......#.####P..t....[....
................@§........
..[.......................
#......#.#..P.P#..###.####
#.....#...........## #
#.....#........#...#
#............§.#..##
#.....#...........#
#.....#........#..#
#.....#........#..+


You could see a crocodile.

Vanquished Creatures
  A rime drake (Lair:1)
  A komodo dragon (D:8)
  2 blink frogs (Lair:1)
  3 hippogriffs
  A yak (D:5)
  A steam dragon (D:7)
  A crocodile (Lair:1)
  A water moccasin (Lair:1)
  3 orc warriors
  A black bear (D:3)
  An ice beast (D:7)
  4 sky beasts
  A necrophage (D:6)
  An ogre (D:5)
  2 centaurs
  2 bullfrogs
  5 killer bees (D:7)
  2 scorpions
  A water moccasin skeleton (D:8)
  5 wights (D:8)
  4 crimson imps
  A bullfrog zombie (D:6)
  2 orc priests
  4 hounds
  2 centaur skeletons
  2 bullfrog skeletons
  8 orc wizards
  3 iguanas
  7 worker ants
  A hound zombie (D:7)
  4 gnolls (D:5)
  A worker ant zombie (D:7)
  6 adders
  A shadow imp (D:6)
  An adder zombie (D:8)
  An adder skeleton (D:5)
  5 worms
  5 dart slugs
  3 leopard geckos
  20 orcs
  9 hobgoblins
  9 jackals
  5 kobolds
  5 quokkas
  2 ball pythons
  5 bats
  5 goblins
  3 rats
163 creatures vanquished.

Vanquished Creatures (others)
  A quokka (D:9)
  A plant (D:8)
2 creatures vanquished.

Grand Total: 165 creatures vanquished

Notes
Turn   | Place    | Note
-------+----------+-------------------------------------------
     0 | D:1      | LostNumber the Minotaur Archaeologist began the quest for
                  | the Orb.
     0 | D:1      | Reached XP level 1. HP: 16/16 MP: 0/0
   263 | D:1      | Reached XP level 2. HP: 24/24 MP: 1/1
   942 | D:2      | Reached XP level 3. HP: 29/30 MP: 2/2
  1546 | D:3      | Got a warped bronze ring
  1582 | D:3      | Noticed a sky beast
  1741 | D:4      | Reached skill level 1 in Armour
  1741 | D:4      | Reached skill level 1 in Shields
  1741 | D:4      | Reached XP level 4. HP: 22/38 MP: 3/3
  1941 | D:4      | Reached XP level 5. HP: 36/46 MP: 4/4
  1941 | D:4      | Identified a scroll of acquirement
  2136 | D:4      | Noticed a sky beast
  2285 | D:3      | Found a blossoming altar of Fedhas.
  2311 | D:3      | Noticed an oklob plant
  2658 | D:4      | Reached XP level 6. HP: 43/53 MP: 5/5
  2857 | D:4      | Reached skill level 5 in Fighting
  3089 | D:4      | Got a crude jade amulet
  3090 | D:4      | Identified the amulet "Cywa Raynoa" {Inacc +Fly rF- rN++
                  | Str-2} (You found it on level 4 of the Dungeon)
  3236 | D:4      | Found a corrupted altar of Lugonu.
  3306 | D:4      | Found a bloodstained altar of Trog.
  3350 | D:5      | Entered Level 5 of the Dungeon
  3363 | D:4      | Killed a sky beast
  3363 | D:4      | Reached skill level 2 in Axes
  3363 | D:4      | Reached XP level 7. HP: 52/61 MP: 6/6
  3416 | D:4      | Found a staircase to the Ecumenical Temple.
  3429 | Temple   | Entered the Ecumenical Temple
  3661 | Temple   | Became a worshipper of Warmaster Okawaru
  3711 | D:5      | Reached skill level 3 in Axes
  3847 | D:5      | Noticed a yak
  3870 | D:5      | Killed a yak
  3870 | D:5      | Reached skill level 5 in Axes
  4006 | D:5      | Reached skill level 6 in Axes
  4168 | D:5      | Reached * piety under Okawaru
  4184 | D:5      | Reached skill level 7 in Axes
  4184 | D:5      | Reached XP level 8. HP: 67/68 MP: 7/7
  4509 | D:5      | Identified the +9 dire flail "Lior" {venom, rN+ Str+2} (You
                  | acquired it on level 5 of the Dungeon)
  4509 | D:5      | Identified the ring "Kucejeytt" {rC+ rN++ rCorr Dex-5} (You
                  | acquired it on level 5 of the Dungeon)
  5296 | D:6      | Found a shattered altar of Ashenzari.
  5322 | D:6      | Reached skill level 8 in Axes
  5324 | D:6      | Identified the ring of Nuqehoh {*Contam +Fly Dex+6} (You
                  | found it on level 3 of the Dungeon)
  5373 | D:6      | Found a stormy altar of Qazlal.
  5932 | D:7      | Noticed a hippogriff
  5937 | D:7      | Reached skill level 5 in Armour
  5941 | D:7      | Killed a hippogriff
  5941 | D:7      | Reached skill level 5 in Dodging
  5941 | D:7      | Reached skill level 5 in Shields
  5950 | D:7      | Reached ** piety under Okawaru
  5950 | D:7      | Reached XP level 9. HP: 36/74 MP: 8/8
  6060 | D:7      | Reached skill level 9 in Axes
  6614 | D:7      | Found a shadowy altar of Dithmenos.
  6894 | D:8      | Found a sparkling altar of Nemelex Xobeh.
  6896 | D:8      | Found a blossoming altar of Fedhas.
  6896 | D:8      | Found an ancient bone altar of Kikubaaqudgha.
  6897 | D:8      | Found a shimmering blue altar of Sif Muna.
  6898 | D:8      | Found a burning altar of Makhleb.
  6898 | D:8      | Found an opulent altar of Gozag.
  6899 | D:8      | Found a shimmering altar of Xom.
  6941 | D:8      | Reached skill level 10 in Axes
  7138 | D:8      | Found a staircase to the Lair.
  7139 | D:8      | Noticed a komodo dragon
  7159 | D:8      | Killed a komodo dragon
  7159 | D:8      | Reached *** piety under Okawaru
  7356 | D:8      | Found a snail-covered altar of Cheibriados.
  7793 | D:9      | Noticed an eight-headed hydra
  7853 | D:9      | Reached XP level 10. HP: 81/86 MP: 9/9
  8006 | Lair:1   | Entered Level 1 of the Lair of Beasts
  8067 | Lair:1   | Reached skill level 1 in Evocations
  8252 | Lair:1   | Reached skill level 1 in Invocations
  8257 | Lair:1   | HP: 3/86 [blink frog (8)]
  8258 | Lair:1   | Slain by a crocodile

Skill      XL: |  1  2  3  4  5  6  7  8  9 10 |
---------------+-------------------------------+-----
Fighting       | 2 3 4 5 6 7 |  7.6
Dodging        | 4 5 6 |  6.5
Armour         | 1 2 3 4 5 6 7 |  7.0
Shields        | 1 2 3 4 5 6 |  6.8
Axes           | 2 7 8 10 | 10.8
Evocations     | 1 |  1.8
Invocations    | 1 |  1.2
Maces & Flails | |  1.9
Stealth        | |  2.6

Action                   |  1- 3 |  4- 6 |  7- 9 | 10-12 || total
-------------------------+-------+-------+-------+-------++-------
Melee: Whip              |   101 |   196 |       |       ||   297
       Headbutt          |    13 |    26 |    66 |     7 ||   112
       War axe           |       |     5 |   339 |    43 ||   387
Invok: Heroism           |       |       |     3 |       ||     3
  Use: Scroll            |       |     6 |     6 |     1 ||    13
       Potion            |       |     1 |       |       ||     1
 Stab: Sleeping          |     3 |       |       |       ||     3
  Eat: Chunk             |     5 |     9 |    25 |     2 ||    41
Armor: Robe              |     8 |       |       |       ||     8
       Chain mail        |    35 |   139 |   146 |    14 ||   334
Dodge: Dodged            |    66 |    83 |    90 |    16 ||   255
Block: Medium shield     |       |     3 |    44 |       ||    47
       Buckler           |       |       |    95 |    15 ||   110
